 Dungeon Crawl Stone Soup version 0.29-a0-334-gb41bcbb86e (webtiles) character file.

Game seed: 66040777465497514

1331 drugrobin the Chopper (level 8, -1/69 HPs)
             Began as a Demigod Fighter on Apr 13, 2022.
             Slain by an orc warrior
             ... wielding a +0 halberd
              (6 damage)
             ... in a bailey.
             The game lasted 00:12:57 (6457 turns).

drugrobin the Chopper (Demigod Fighter)             Turns: 6457, Time: 00:12:57

Health: -1/69      AC: 12    Str: 25    XL:     8   Next: 12%
Magic:  10/10      EV:  7    Int: 10    God:
Gold:   97         SH:  4    Dex: 13    Spells: 7/7 levels left

rFire   + . .      SeeInvis .   a - +1 war axe (freeze)
rCold   + . .      Faith    .   c - +0 buckler
rNeg    . . .      Spirit   .   o - +0 chain mail
rPois   .          Reflect  .   (no helmet)
rElec   .          Harm     .   (no cloak)
rCorr   .          Rampage  .   M - +0 pair of gloves
Will    .....                   E - +1 pair of boots
Stlth   ..........              (no amulet)
HPRegen 0.21/turn               L - ring of protection from fire
MPRegen 0.12/turn               z - ring of protection from cold

@: mighty
A: high MP 1, forlorn, divine attributes
a: no special abilities


You were in a bailey.
You visited 1 branch of the dungeon, and saw 7 of its levels.
You also visited: Bailey.

You collected 412 gold pieces.
You spent 315 gold pieces at shops.

Inventory:

Hand Weapons
 a - a +1 war axe of freezing (weapon)
 y - a +0 war axe
 F - a +1 mace of draining
 K - a +2 halberd of venom
Missiles
 u - a throwing net
 C - a poisoned dart (quivered)
 H - 5 javelins
Armour
 b - a +0 scale mail
 c - a +0 buckler (worn)
 o - a +0 chain mail (worn)
 E - a +1 pair of boots (worn)
 M - a +0 pair of gloves (worn)
Jewellery
 r - a ring of see invisible
 z - a ring of protection from cold (right hand)
 L - a ring of protection from fire (left hand)
Wands
 p - a wand of polymorph (8)
 s - a wand of iceblast (7)
 v - a wand of mindburst (19)
 A - a wand of digging (4)
Scrolls
 e - a scroll of silence
 g - 2 scrolls of immolation {unknown}
 k - a scroll of amnesia
 l - a scroll of magic mapping
 m - 2 scrolls of vulnerability {unknown}
 w - 2 scrolls of teleportation
 B - a scroll of fear {unknown}
 D - a scroll of noise {unknown}
 G - a scroll of holy word {unknown}
 I - a scroll of fog {unknown}
 J - a scroll of brand weapon
Potions
 d - a potion of might
 f - 8 potions of curing
 i - a potion of heal wounds {unknown}
 j - 3 potions of magic
 n - 3 potions of lignification {unknown}
 q - a potion of ambrosia {unknown}
 t - 2 potions of haste {unknown}
 x - 5 potions of brilliance {unknown}
 N - a potion of mutation
 O - a potion of attraction {unknown}


   Skills:
 + Level 5.4 Fighting
 * Level 7.0 Axes
 - Level 2.6 Armour
 - Level 2.6 Shields
 + Level 3.9 Evocations


You had 7 spell levels left.
You didn't know any spells.
Your spell library contained the following spells:

 Spells                   Type           Power      Damage    Failure   Level
 Summon Small Mammal      Summ           0%         N/A       98%         1
 Static Discharge         Conj/Air       0%         N/A       99%         2
 Call Canine Familiar     Summ           0%         N/A       100%        3
 Summon Guardian Golem    Hex/Summ       0%         N/A       100%        3
 Airstrike                Air            0%         N/A       100%        4
 Dispel Undead            Necr           0%         3d6       100%        4
 Sticky Flame             Conj/Fire      0%         2d3       100%        4
 Summon Lightning Spire   Summ/Air       0%         N/A       100%        4
 Lightning Bolt           Conj/Air       0%         1d11      100%        5
 Orb of Destruction       Conj           0%         9d5       100%        7
 Spellforged Servitor     Conj/Summ      0%         N/A       100%        7


Dungeon Overview and Level Annotations

Branches:
Dungeon (7/15)             Temple (0/1) D:6          Bailey (1/1)

Shops:
D:2 (   D:3 !


Innate Abilities, Weirdness & Mutations

You have an increased reservoir of magic. (+10% MP)
You shall have no god before yourself.
Your divine heritage dramatically boosts your attributes as you level up.


Message History

Unknown command.
Unknown command.
The centaur hits you with a +0 trident. You block the centaur's attack.
The orc hits you but does no damage. The centaur hits you with a +0 trident.
The centaur kicks you but does no damage.
Unknown command.
Unknown command.
Unknown command.
Unknown command.
Unknown command.
You feel very mighty all of a sudden. You block the orc's attack.
The orc warrior hits you from afar with a +0 halberd!
* * * LOW HITPOINT WARNING * * *
The centaur completely misses you.
The centaur kicks you but does no damage.
Unknown command.
Unknown command.
Unknown command.
Unknown command.
Unknown command.
The orc attacks as you move away! The orc hits you but does no damage.
The centaur hits you but does no damage.
The centaur kicks you but does no damage.
The orc hits you but does no damage. You block the centaur's attack.
The centaur kicks you but does no damage.
Unknown command.
Unknown command.
Unknown command.
Okay, then.
Unknown command.
You hit the centaur but do no damage.
The centaur hits you but does no damage.
The centaur kicks you.
* * * LOW HITPOINT WARNING * * *
The orc closely misses you. You block the orc warrior's attack.
The centaur hits you but does no damage.
The centaur kicks you but does no damage.
The orc warrior hits you from afar with a +0 halberd.
You die...

#########
##≈≈≈≈≈≈≈##
#≈≈≈...≈≈≈##
≈≈⌠.....⌠≈≈######
≈.........≈≈≈≈#$##
..)≈≈≈≈≈......#..##
))≈≈...≈≈.....#..≈#
)≈≈.≈.≈o≈≈.≈..'..≈#
)≈.≈≈.≈≈o≈.≈≈.#.@≈#
≈≈.≈...≈.≈≈.≈.#.c≈#
≈.≈≈...≈≈.≈.≈.#oo≈#
≈.≈.⌠∩⌠.≈.≈.≈.#..≈#
≈.≈..∩..≈.≈.≈.#..≈#
≈.≈.⌠∩⌠.≈.≈.≈.#..≈#
≈.≈≈...≈≈.≈.≈.#..≈#
≈≈)≈...≈o≈≈.≈.#..≈#
)≈.≈≈≈≈≈o≈.≈≈.#..≈#


You could see an orc warrior, a centaur and an orc.

Vanquished Creatures
  A sky beast (D:5)
  The ghost of ImHallYall the Ducker, an amateur DgGl (D:3)
  A centaur (Bailey)
  4 phantoms
  A bullfrog (D:6)
  2 necrophages (D:4)
  A scorpion (D:5)
  A centaur zombie (D:3)
  A bullfrog zombie (D:3)
  A jelly (D:6)
  A hound (D:4)
  A gnoll shaman (D:6)
  4 orc priests
  2 iguanas
  An orc wizard (D:6)
  Terence (D:2)
  A howler monkey zombie (D:3)
  3 gnolls (D:6)
  A howler monkey skeleton (D:3)
  2 adders
  2 worms (D:2)
  2 dart slugs
  19 orcs
  2 bats (D:1)
  3 endoplasms
  3 giant cockroaches
  11 hobgoblins
  8 jackals (D:2)
  5 quokkas
  A frilled lizard (D:1)
  7 goblins
  3 kobolds
  2 rats (D:1)
99 creatures vanquished.

Notes
Turn   | Place    | Note
-------+----------+-------------------------------------------
     0 | D:1      | drugrobin the Demigod Fighter began the quest for the Orb.
     0 | D:1      | Reached XP level 1. HP: 18/18 MP: 3/3
   112 | D:1      | Reached skill level 2 in Axes
   302 | D:1      | Reached XP level 2. HP: 24/25 MP: 4/4
   870 | D:2      | Reached XP level 3. HP: 31/31 MP: 5/5
   938 | D:2      | Noticed Terence
   952 | D:2      | Killed Terence
   953 | D:2      | Reached skill level 3 in Axes
  1358 | D:2      | Found Yllap's Weapon Shop.
  1892 | D:3      | Reached XP level 4. HP: 34/38 MP: 6/6
  2074 | D:3      | Found a transporter.
  2078 | D:3      | Noticed ImHallYall's ghost (amateur DgGl)
  2110 | D:3      | Found a transporter.
  2208 | D:3      | Found Mionn's Distillery.
  2528 | D:4      | Reached skill level 4 in Axes
  2562 | D:4      | Noticed a necrophage
  2575 | D:4      | Killed a necrophage
  2576 | D:4      | Reached skill level 1 in Evocations
  2576 | D:4      | Reached XP level 5. HP: 35/46 MP: 7/7
  2762 | D:2      | Bought a +1 war axe of freezing for 159 gold pieces
  3078 | D:4      | Reached XP level 6. HP: 52/52 MP: 8/8
  3502 | D:5      | Entered Level 5 of the Dungeon
  4048 | D:5      | Reached skill level 5 in Axes
  4646 | D:6      | Found a staircase to the Ecumenical Temple.
  4659 | D:6      | Reached XP level 7. HP: 52/60 MP: 9/9
  4815 | D:6      | Reached skill level 6 in Axes
  4929 | D:6      | Reached skill level 5 in Fighting
  5577 | D:3      | Killed ImHallYall's ghost
  5590 | D:3      | Reached XP level 8. HP: 45/68 MP: 10/10
  5663 | D:3      | Bought a potion of curing for 39 gold pieces
  5663 | D:3      | Bought a potion of degeneration for 13 gold pieces
  5663 | D:3      | Bought a potion of mutation for 104 gold pieces
  6048 | D:7      | Found a flagged portal.
  6097 | Bailey   | Entered a bailey
  6119 | Bailey   | Reached skill level 7 in Axes
  6457 | Bailey   | Slain by an orc warrior

Illustrated notes

Levels and vault maps discovered:
D:1:      dpeg_arrival_three_smaller_balls, layout_loops_ring
D:2:      layout_loops_ring, serial_shops, shop,
          dreamdust_ecumenical_altar_statues, kennysheep_generic_room_14,
          uniq_terence
D:3:      layout_loops_ring, mainiacjoe_overflow_large_starburst,
          gammafunk_ghost_mausoleum, serial_shops, nicolae_square_shop,
          minmay_misc_feat_secret_circle
D:4:      layout_basic, lemuel_blue_sif_altar, lemuel_old_faithful
D:5:      layout_loops_corners, mainiacjoe_overflow_alcove_2,
          corexii_corridor_pit
D:6:      layout_rooms, xom_teletrap_fun, minmay_temple_entry_sparse_star
D:7:      layout_layer_cave, lemuel_crystal_altar, enter_bailey_3
Bailey:   bailey_polearm_flooded_kennysheep, bailey

Skill      XL: |  1  2  3  4  5  6  7  8 |
---------------+-------------------------+-----
Axes           | 2 3 4 5 6 7 |  7.0
Fighting       | 3 4 5 |  5.4
Evocations     | 1 2 3 |  3.9
Armour         | |  2.6
Shields        | |  2.6

Action                   |  1- 3 |  4- 6 |  7- 9 || total
-------------------------+-------+-------+-------++-------
Melee: War axe           |   123 |    85 |   119 ||   327
Throw: Dart              |       |     3 |     9 ||    12
       Throwing net      |       |       |     1 ||     1
  Use: Scroll            |       |       |     6 ||     6
       Potion            |       |       |     1 ||     1
 Stab: Sleeping          |       |     1 |       ||     1
Armor: Scale mail        |    24 |       |       ||    24
       Chain mail        |    46 |    50 |    85 ||   181
Dodge: Dodged            |    43 |    24 |    53 ||   120
Block: Buckler           |    23 |    18 |    37 ||    78

Table legend: (Time is in decaauts)
 A = Elapsed time spent in this place.
 B = Non-inter-level travel time spent in this place.
 C = Inter-level travel time spent in this place.
 D = Time resting spent in this place.
 E = Time spent auto-exploring this place.
 F = Levels seen in this place.
 G = Mean time per level.
                   A        B        C        D        E       F      G
               +--------+--------+--------+--------+--------+-----+--------+
         Total |   6564 |   6043 |    521 |    559 |   3881 |   8 |  820.5 |
       Dungeon |   6199 |   5678 |    521 |    484 |   3881 |   7 |  885.6 |
        Bailey |    364 |    364 |      0 |     75 |      0 |   1 |  364.0 |
               +--------+--------+--------+--------+--------+-----+--------+

Top non-repeatable levels by time:
     D:5: 1160 daAuts
     D:2: 1083 daAuts
     D:4: 1017 daAuts
     D:3: 985 daAuts
     D:6: 920 daAuts
     D:1: 739 daAuts
  Bailey: 364 daAuts
     D:7: 293 daAuts
